cohdb
Replays
Latest Replays
All Replays
Popular Replays
Top Player Replays
Match Explorer
How It Works
Community
CoH3 Stats
Reddit
Sign in to upload your games and track your stats! →
Sign in with Steam
Match 28018815
Unlisted
Match 28018815
Overview
Messages
Build Orders
End
Kettenkrad Recon Vehicle
Construct Infanterie Kompanie
MG 42 Machine Gun Team
Grenadier Squad
Construct Panzergrenadier Kompanie
Selects Luftwaffe Battlegroup
Selects Luftwaffe Pioneer Support
Selects LG40 Recoilless Gun Paradrop
Medical Bunker
Panzergrenadier Squad
Pak 40 Anti-tank Gun Team
MG 42 Machine Gun Team
Pak 40 Anti-tank Gun Team
Panzergrenadier Squad
Panzergrenadier Officer Quarters
Construct Panzer Kompanie
Selects Infantry Reserves
Pioneer Squad
Sturmpanzer IV Brummbär
Panzergrenadier Squad
Selects Stuka Strafing Run
Selects Fallschirmjäger Squad Paradrop
Sturmpanzer IV Brummbär
Pioneer Squad
DIV 250 BigBoss
^3
TTVFlekz127
.
0
0
Comments
sign in to comment!
No comments posted yet!